 Dungeon Crawl Stone Soup version 0.25.1-8-g42b30a86e7 (webtiles) character file.

Game seed: 5146978268686209621

150971 jbtxwes the Severer (level 17, -4/160 HPs)
             Began as a Minotaur Fighter on Dec 8, 2020.
             Was the Champion of Makhleb.
             Shot with an arrow by a naga sharpshooter (10 damage)
             ... on level 4 of the Snake Pit on Dec 10, 2020.
             The game lasted 02:32:06 (30598 turns).

jbtxwes the Severer (Minotaur Fighter)             Turns: 30598, Time: 02:32:06

Health: -4/160     AC: 28    Str: 31    XL:     17   Next: 0%
Magic:  14/14      EV:  8    Int: 11    God:    Makhleb [******]
Gold:   2027       SH:  4    Dex:  8    Spells: 16/16 levels left

rFire    + . .     SeeInvis .   n - +7 mace of Variability {chain chaos}
rCold    . . .     Gourm    .   (shield currently unavailable)
rNeg     + . .     Faith    .   p - +4 plate armour
rPois    +         Spirit   .   C - +2 hat
rElec    +         Reflect  .   A - +2 cloak
rCorr    .         Harm     .   k - +2 pair of gloves
MR       +....                  G - +1 pair of boots
Stlth    ..........             (no amulet)
HPRegen  0.36/turn              m - ring of poison resistance
MPRegen  0.14/turn              P - ring "Xoxziliuha" {rF+ rN+ Str+4 Int+6 Dex-3}

@: lethally poisoned (-4 -> -8)
A: retaliatory headbutt, horns 2, large bone plates 1, low mp 1, electricity
resistance
a: Minor Destruction, Lesser Servant of Makhleb, Major Destruction, Greater
Servant of Makhleb, Renounce Religion


You were on level 4 of the Snake Pit.
You worshipped Makhleb.
Makhleb was exalted by your worship.
You were not hungry.

You visited 5 branches of the dungeon, and saw 28 of its levels.
You also visited: Ice Cave.

You collected 2818 gold pieces.
You spent 791 gold pieces at shops.

Inventory:

Hand Weapons
 c - a +4 war axe of freezing
 n - the +7 mace of Variability (weapon) {chain chaos}
   (You found it on level 11 of the Dungeon)

   Each time it hits an enemy it has a different, random effect.
 w - the cursed +2 longbow "Qimoveex" {flame, Stlth+, unknown}
   (You found it in an ice cave)

   It causes projectiles fired from it to burn those they strike, causing extra
   injury to most foes and up to half again as much damage against particularly
   susceptible opponents.
   It makes you more stealthy.
   It has a curse placed upon it.
 U - a +5 demon blade of flaming
 X - a +4 scimitar of flaming
 Y - a +5 vorpal battleaxe
Armour
 i - a +2 robe
 k - a +2 pair of gloves (worn)
 p - a +4 plate armour (worn)
 A - a +2 cloak (worn)
 C - a +2 hat (worn)
 G - a +1 pair of boots (worn)
Jewellery
 m - a ring of poison resistance (left hand)
 o - a +4 ring of evasion
 t - a cursed amulet of inaccuracy
 x - a +6 ring of strength
 N - an uncursed ring of ice
 P - the ring "Xoxziliuha" (right hand) {rF+ rN+ Str+4 Int+6 Dex-3}
   (You took it off an orc on level 9 of the Dungeon)

   [ring of intelligence]

   It affects your strength (+4).
   It affects your intelligence (+6).
   It affects your dexterity (-3).
   It protects you from fire.
   It protects you from negative energy.
 W - an uncursed ring of fire
Wands
 b - a wand of random effects (39)
 r - a wand of acid (10)
 z - a wand of iceblast (36)
 H - a wand of digging (4)
 I - a wand of enslavement (31)
 J - a wand of polymorph (11)
 M - a wand of flame (23)
 S - a wand of clouds (7)
Scrolls
 e - 4 scrolls of fog
 s - a scroll of amnesia
 u - 20 scrolls of teleportation
 v - a scroll of brand weapon
 y - 4 scrolls of fear
 D - 2 scrolls of enchant armour
 F - 2 scrolls of immolation
 K - 2 scrolls of magic mapping
 Q - 11 scrolls of identify
 R - 4 scrolls of remove curse
Potions
 a - a potion of ambrosia {unknown}
 d - 9 potions of might
 g - 6 potions of heal wounds
 h - 11 potions of curing
 j - 5 potions of invisibility
 q - 2 potions of resistance
 B - 5 potions of haste
 E - a potion of stabbing
 L - 2 potions of flight
Miscellaneous
 l - a lightning rod (4/4)
Comestibles
 f - 26 rations


   Skills:
 - Level 16.6 Fighting
 - Level 18.0 Long Blades
 - Level 19.6(21.9) Axes
 - Level 17.8(21.0) Maces & Flails
 * Level 7.2 Armour
 - Level 0.2 Dodging
   Level 4.0 Shields
 - Level 0.2 Invocations
 - Level 0.9 Evocations


You had 16 spell levels left.
You didn't know any spells.
Your spell library contained the following spells:

 Spells                   Type           Power        Failure   Level  Hunger
 Animate Skeleton         Necr           N/A          95%         1    ##.....
 Apportation              Tloc           #.....       95%         1    ##.....
 Beastly Appendage        Tmut           #.....       95%         1    ##.....
 Corona                   Hex            #......      95%         1    ##.....
 Infusion                 Chrm           #...         95%         1    ##.....
 Sandblast                Erth           #.....       95%         1    ##.....
 Summon Small Mammal      Summ           #...         95%         1    ##.....
 Corpse Rot               Necr/Air       N/A          99%         2    ###....
 Passwall                 Tmut/Erth      #.......     99%         2    ###....
 Shroud of Golubria       Chrm/Tloc      #.....       99%         2    ###....
 Song of Slaying          Chrm           #.......     99%         2    ###....
 Sticks to Snakes         Tmut           #.......     99%         2    ###....
 Ozocubu's Armour         Chrm/Ice       #.......     100%        3    ####...
 Spectral Weapon          Hex/Chrm       #.......     100%        3    ####...
 Spider Form              Tmut/Pois      #.........   100%        3    ####...
 Stone Arrow              Conj/Erth      #.....       100%        3    ####...
 Ice Form                 Ice/Tmut       #.......     100%        4    #####..
 Petrify                  Tmut/Erth      #.......     100%        4    #####..
 Blade Hands              Tmut           #.........   100%        5    ######.
 Lee's Rapid Deconstruct  Erth           #.........   100%        5    ######.
 Summon Forest            Summ/Tloc      #.........   100%        5    ######.
 Eringya's Noxious Bog    Tmut/Pois      #.........   100%        6    #######
 Hydra Form               Tmut           #.........   100%        6    #######
 Summon Hydra             Summ           #.........   100%        7    #######


Dungeon Overview and Level Annotations

Branches:
Dungeon (15/15)            Temple (1/1) D:5            Lair (6/6) D:8
 Shoals (0/4) Lair:4        Snake (4/4) Lair:4        Slime (0/5) Lair:5
    Orc (2/2) D:9             Elf (0/3) Orc:2        Vaults (0/5) D:14
  IceCv (visited)
 Depths: D:15

Altars:
Ashenzari
Cheibriados
Dithmenos
Elyvilon
Fedhas
Gozag
Hepliaklqana
Kikubaaqudgha
Makhleb
Nemelex Xobeh
Okawaru
Qazlal
Ru
Sif Muna
Trog
Uskayaw
Vehumet
Wu Jian
Xom
Yredelemnul
Zin
The Shining One

Shops:
D:4 ?=!   D:5 ?   D:13 *   Orc:2 [:(*

Annotations:
D:8 3 runed translucent doors, Dillybarz's ghost, novice MiFi
Lair:1 3 runed translucent doors, 12sPaWn12's ghost, novice DESu


Innate Abilities, Weirdness & Mutations

You reflexively headbutt those who attack you in melee.
You have a pair of horns on your head.
You are partially covered in large bone plates. (SH +4)
Your magical capacity is low. (-10% MP)
You are resistant to electric shocks. (rElec)


Message History

The black mamba bites you!
* * * LOW HITPOINT WARNING * * *
The naga mage casts a spell at you.
The bolt of poison hits the black mamba.
Flame seeps out of the black mamba.
The bolt of poison hits you but does no damage.
You resist.
The naga sharpshooter gestures wildly while chanting.
The naga sharpshooter magically shoots an arrow.
The arrow hits you!
* * * LOW HITPOINT WARNING * * *
You feel sick.
The black mamba is engulfed in blazing flames.
Flame seeps out of the black mamba.
The naga sharpshooter unwields a +0 trident.
The naga sharpshooter wields a +0 longbow.
The naga sharpshooter mumbles some strange words.
The naga sharpshooter magically shoots an arrow.
The arrow hits you!
You die...

.. . . . .. #.
.N.#.# .N....####
.
..N.N....#####....
.......@S○(N.N....
##...........N..#.
####.............
#####....N.N..
######N... ....
... ..


You could see a naga warrior (inner flame), 3 naga sharpshooters, a black mamba
(inner flame), a naga mage (fast, inner flame) and 4 nagas.

Vanquished Creatures
  Rupert (Lair:3)
  Jorgrun (Orc:2)
  Kirke (Lair:6)
  2 nagarajas
  Louise (D:14)
  An orc warlord (Orc:2)
  Aizul (Snake:3)
  Azrael (Snake:3)
  Snorg (D:14)
  2 blizzard demons (IceCv)
  3 vault guards (D:14)
  12 hydras
  5 naga warriors
  An ice dragon (Lair:4)
  Fannar (Lair:1)
  A centaur warrior (D:14)
  Erica (Lair:2)
  2 two-headed ogres
  7 anacondas
  2 tengu warriors
  3 death yaks (Lair:6)
  4 orc high priests
  4 shock serpents
  4 naga sharpshooters
  3 skeletal warriors (D:14)
  An unseen horror (D:11)
  6 naga ritualists
  3 orc knights
  2 necromancers (D:14)
  6 mana vipers
  3 oklob plants (Lair:5)
  A manticore (Lair:4)
  6 orc sorcerers
  2 ugly things (D:11)
  10 deep elf magi (Orc:2)
  3 salamanders
  3 cyclopes
  19 elephants (Lair:6)
  A guardian serpent (shapeshifter) (D:14)
  3 ice statues (IceCv)
  A guardian serpent (Snake:2)
  39 black mambas
  17 spiny frogs
  2 gargoyles
  8 naga magi
  2 rime drakes
  8 komodo dragons
  An anaconda simulacrum (IceCv)
  An efreet (D:14)
  2 yaktaurs (D:14)
  A golden dragon simulacrum (IceCv)
  10 ice devils (IceCv)
  5 trolls
  A tengu conjurer (D:12)
  5 polar bears
  11 hippogriffs
  A blink frog (shapeshifter) (D:14)
  14 dream sheep
  3 blink frogs (Lair:4)
  6 hornets
  4 slime creatures (D:14)
  16 spriggans
  2 shadows (D:14)
  A wraith (D:10)
  40 yaks
  A wyvern (Lair:5)
  2 vampires
  2 hogs (Lair:6)
  2 dire elephant simulacra (IceCv)
  2 fire elementals (Snake:3)
  6 basilisks
  18 humans (D:14)
  A hungry ghost (D:12)
  A tarantella (shapeshifter) (D:14)
  6 wargs
  3 harpy simulacra (IceCv)
  An iron troll simulacrum (IceCv)
  2 acid dragons (D:13)
  4 hell hounds (Snake:3)
  A floating eye (Snake:1)
  32 nagas
  15 water moccasins
  6 porcupines
  23 orc warriors
  4 phantoms
  4 necrophages
  8 ice beasts
  3 sky beasts
  8 black bears
  2 ettin simulacra (IceCv)
  An eye of draining (D:11)
  3 boggarts (Lair:6)
  21 wolves
  10 ogres
  10 centaurs
  9 crocodiles
  17 bullfrogs
  2 wyvern zombies
  4 scorpions
  6 wights
  13 killer bees
  2 howler monkeys (D:11)
  4 crimson imps
  2 bullfrog zombies
  17 hounds
  A wyvern simulacrum (D:14)
  2 quasits
  5 centaur skeletons
  2 centaur zombies
  18 jellies
  13 orc priests
  24 orc wizards
  4 bullfrog skeletons
  Ijyb (D:3)
  8 iguanas
  8 worker ants
  7 hell rats (Lair:6)
  2 hound skeletons
  A worker ant zombie (D:6)
  8 gnolls
  A howler monkey skeleton (D:10)
  19 adders
  A shadow imp (D:12)
  3 white imps (Lair:4)
  3 adder skeletons
  3 worms
  2 dart slugs
  10 leopard geckos
  77 orcs
  5 giant cockroaches
  7 hobgoblins
  15 jackals
  6 quokkas
  A ball python (D:3)
  2 bats (D:1)
  4 frilled lizards
  8 goblins
  5 kobolds
  A leopard gecko zombie (D:8)
  A quokka skeleton (D:5)
  A quokka zombie (D:6)
  6 rats (D:1)
  3 fungi
  9 plants
910 creatures vanquished.

Vanquished Creatures (others)
  An anaconda (Snake:1)
  A leopard gecko (D:1)
  11 fungi
13 creatures vanquished.

Grand Total: 923 creatures vanquished

Notes
Turn   | Place    | Note
-------+----------+-------------------------------------------
     0 | D:1      | jbtxwes the Minotaur Fighter began the quest for the Orb.
     0 | D:1      | Reached XP level 1. HP: 19/19 MP: 0/0
   182 | D:1      | Reached XP level 2. HP: 26/27 MP: 1/1
  1208 | D:2      | Found a white marble altar of Elyvilon.
  1261 | D:2      | Reached XP level 3. HP: 33/33 MP: 2/2
  1340 | D:2      | Found a shattered altar of Ashenzari.
  1413 | D:2      | Found a bloodstained altar of Trog.
  1428 | D:2      | Reached XP level 4. HP: 40/40 MP: 3/3
  1619 | D:2      | Reached skill level 5 in Long Blades
  1765 | D:3      | Reached XP level 5. HP: 37/46 MP: 4/4
  2095 | D:3      | Noticed Ijyb
  2112 | D:3      | Killed Ijyb
  2686 | D:4      | Reached XP level 6. HP: 52/52 MP: 5/5
  2867 | D:4      | Found Vaxafac's Jewellery Emporium.
  2907 | D:4      | Found Uwnicha's Magic Scroll Boutique.
  3193 | D:4      | Found Wekis's Distillery.
  3355 | D:4      | Reached XP level 7. HP: 58/58 MP: 6/6
  3462 | D:5      | Entered Level 5 of the Dungeon
  3650 | D:5      | Found Ponwuh's Magic Scroll Boutique.
  3658 | D:5      | Bought a scroll of brand weapon for 260 gold pieces
  3670 | D:5      | Found a staircase to the Ecumenical Temple.
  3710 | D:5      | Reached skill level 10 in Long Blades
  3768 | Temple   | Entered the Ecumenical Temple
  4010 | Temple   | Became a worshipper of Makhleb the Destroyer
  4423 | D:5      | Reached XP level 8. HP: 65/66 MP: 7/7
  4979 | D:6      | Reached * piety under Makhleb
  5664 | D:7      | Reached XP level 9. HP: 71/71 MP: 8/8
  6250 | D:8      | Found an ancient bone altar of Kikubaaqudgha.
  6250 | D:8      | Found an opulent altar of Gozag.
  6259 | D:8      | Reached ** piety under Makhleb
  6273 | D:8      | Found a basalt altar of Yredelemnul.
  6276 | D:8      | Found a glowing golden altar of the Shining One.
  6278 | D:8      | Found a hazy altar of Hepliaklqana.
  6359 | D:8      | Found a staircase to the Lair.
  6371 | D:8      | Found a runed translucent gate.
  6372 | D:8      | Found a runed translucent gate.
  6374 | D:8      | Found a runed translucent gate.
  6375 | D:8      | Noticed Dillybarz's ghost (novice MiFi)
  6518 | D:8      | Reached skill level 15 in Long Blades
  6596 | D:8      | Found an opulent altar of Gozag.
  7047 | D:9      | Reached XP level 10. HP: 77/78 MP: 9/9
  7054 | D:9      | Found a staircase to the Orcish Mines.
  7081 | D:9      | Reached *** piety under Makhleb
  7101 | D:9      | Identified the ring "Xoxziliuha" {rF+ rN+ Str+4 Int+6
                  | Dex-3}
  7638 | D:10     | Entered Level 10 of the Dungeon
  7665 | D:10     | Reached **** piety under Makhleb
  7852 | D:10     | Reached skill level 5 in Fighting
  7861 | D:10     | Found a snail-covered altar of Cheibriados.
  7875 | D:10     | Reached XP level 11. HP: 88/88 MP: 10/10
  8249 | Lair:1   | Entered Level 1 of the Lair of Beasts
  8379 | Lair:1   | Noticed a five-headed hydra
  8387 | Lair:1   | Killed a one-headed hydra
  8457 | Lair:1   | Found a runed translucent gate.
  8458 | Lair:1   | Found a runed translucent gate.
  8460 | Lair:1   | Found a runed translucent gate.
  8710 | Lair:1   | Reached skill level 10 in Fighting
  8721 | Lair:1   | Noticed a four-headed hydra
  8726 | Lair:1   | Killed a one-headed hydra
  8726 | Lair:1   | Reached ***** piety under Makhleb
  8867 | Lair:1   | Noticed a minotaur
  8946 | Lair:1   | Noticed 12sPaWn12's ghost (novice DESu)
  8977 | Lair:1   | Noticed a four-headed hydra
  8986 | Lair:1   | Killed a two-headed hydra
  8990 | Lair:1   | Noticed Fannar
  9021 | Lair:1   | Killed Fannar
  9313 | Lair:1   | Noticed a five-headed hydra
  9320 | Lair:1   | Killed a one-headed hydra
  9326 | Lair:1   | Reached XP level 12. HP: 97/112 MP: 11/11
 10213 | Lair:2   | Noticed a seven-headed hydra
 10217 | Lair:2   | Killed a six-headed hydra
 10243 | Lair:2   | Noticed Erica
 10257 | Lair:2   | Killed Erica
 10257 | Lair:2   | Reached skill level 15 in Fighting
 10909 | Lair:3   | Noticed Rupert
 10919 | Lair:3   | Killed Rupert
 11310 | Lair:3   | Found a gate leading to a gauntlet.
 11492 | Lair:3   | Identified a scroll of acquirement
 11492 | Lair:3   | Acquired a +0 demon blade of electrocution
 11534 | Lair:3   | Noticed a five-headed hydra
 11542 | Lair:3   | Killed a five-headed hydra
 11542 | Lair:3   | Reached skill level 3 in Axes
 12246 | Lair:4   | Reached skill level 4 in Axes
 12342 | Lair:4   | Found a staircase to the Shoals.
 12349 | Lair:4   | Reached skill level 5 in Axes
 12349 | Lair:4   | Reached XP level 13. HP: 78/129 MP: 12/12
 12359 | Lair:4   | Reached skill level 6 in Axes
 12365 | Lair:4   | Reached skill level 7 in Axes
 12452 | Lair:4   | Reached skill level 8 in Axes
 12525 | Lair:4   | Found a staircase to the Snake Pit.
 12530 | Lair:4   | You fall into a shaft and drop 2 floors!
 12530 | Lair:6   | Entered Level 6 of the Lair of Beasts
 12536 | Lair:6   | Reached skill level 9 in Axes
 12551 | Lair:6   | Reached skill level 10 in Axes
 12668 | Lair:6   | Reached skill level 11 in Axes
 13471 | Lair:4   | Reached skill level 12 in Axes
 13681 | Lair:4   | Gained mutation: Your magical capacity is low. (-10% MP)
                  | [potion of mutation]
 13681 | Lair:4   | Gained mutation: You are resistant to electric shocks.
                  | (rElec) [potion of mutation]
 13681 | Lair:4   | Gained mutation: You are partially covered in large bone
                  | plates. (SH +4) [potion of mutation]
 13940 | Lair:5   | Found a staircase to the Slime Pits.
 14008 | Lair:5   | Reached skill level 13 in Axes
 15219 | Lair:5   | Reached skill level 14 in Axes
 15536 | Lair:6   | Reached skill level 15 in Axes
 15686 | Lair:6   | Reached ****** piety under Makhleb
 15690 | Lair:6   | Reached skill level 16 in Axes
 15696 | Lair:6   | Reached XP level 14. HP: 137/137 MP: 12/12
 15782 | Lair:6   | Noticed Kirke
 16213 | Lair:6   | Reached skill level 17 in Axes
 16459 | Lair:6   | Killed Kirke
 16622 | Lair:6   | Got a spiked ring mail
 16651 | Lair:6   | Reached skill level 18 in Axes
 18149 | D:11     | Reached skill level 19 in Axes
 18372 | D:11     | Found the +7 mace of Variability {chain chaos}
 20603 | D:13     | Found Juewomnu's Assorted Antiques.
 20760 | D:13     | Bought a scroll of teleportation for 90 gold pieces
 20760 | D:13     | Bought a scroll of enchant weapon for 225 gold pieces
 20813 | D:14     | Reached skill level 1 in Maces & Flails
 20932 | D:14     | Reached XP level 15. HP: 134/144 MP: 13/13
 21016 | D:14     | Noticed Louise
 21036 | D:14     | Killed Louise
 21057 | D:14     | Found a hide-covered altar of Uskayaw.
 21090 | D:14     | Noticed Snorg
 21097 | D:14     | Killed Snorg
 21097 | D:14     | Reached skill level 5 in Maces & Flails
 21245 | D:14     | Found a gate to the Vaults.
 21395 | D:15     | Entered Level 15 of the Dungeon
 21593 | D:14     | Found a blossoming altar of Fedhas.
 22021 | Orc:1    | Entered Level 1 of the Orcish Mines
 22279 | Orc:2    | Entered Level 2 of the Orcish Mines
 22389 | Orc:2    | Reached skill level 10 in Maces & Flails
 23337 | Orc:2    | Found Geusecw's Book Shoppe.
 23389 | Orc:2    | Paralysed by an orc sorcerer for 6 turns
 23479 | Orc:2    | Found Yringula's Antique Armour Boutique.
 23488 | Orc:2    | Bought a runed scarf for 216 gold pieces
 23530 | Orc:2    | Found a staircase to the Elven Halls.
 23581 | Orc:2    | Noticed Jorgrun
 23584 | Orc:2    | Noticed an orc warlord
 24122 | Orc:2    | Killed an orc warlord
 24142 | Orc:2    | Killed Jorgrun
 24397 | Orc:2    | Found Timex Gusuc's General Store.
 25294 | Orc:2    | Found Qihon's Antique Weapon Shoppe.
 25688 | Snake:1  | Entered Level 1 of the Snake Pit
 25803 | Snake:1  | Reached XP level 16. HP: 126/152 MP: 14/14
 26999 | Snake:1  | Reached skill level 15 in Maces & Flails
 28368 | Snake:3  | Found a frozen archway.
 28390 | IceCv    | Entered an ice cave
 29045 | IceCv    | Got a crystal longbow
 29755 | Snake:3  | Noticed Azrael
 29766 | Snake:3  | Killed Azrael
 29766 | Snake:3  | Reached skill level 5 in Armour
 30121 | Snake:3  | Noticed Aizul
 30131 | Snake:3  | Killed Aizul
 30513 | Snake:4  | Entered Level 4 of the Snake Pit
 30589 | Snake:4  | Reached XP level 17. HP: 36/160 MP: 14/14
 30597 | Snake:4  | HP: 7/160 [naga sharpshooter/arrow (12)]
 30598 | Snake:4  | Shot with an arrow by a naga sharpshooter

Illustrated notes

Levels and vault maps discovered:
D:1:      dpeg_arrival_pond, layout_rooms, lemuel_flame_loot_1
D:2:      layout_basic, elyvilon_altar_3, lemuel_round_altar, bloody_trog
D:3:      layout_loops_ring, uniq_ijyb
D:4:      layout_basic, serial_shops, kennysheep_little_box,
          nicolae_shop_crystal, shop
D:5:      layout_gridville, minmay_temple_entry_stoned_glass, first_ration,
          serial_shops, shop, minmay_manual_monolith
D:6:      layout_gridville
D:7:      layout_basic
D:8:      layout_loops_ring, chequers_temple_overflow_minitemple,
          lair_entry_dummy, gammafunk_ghost_spectres, grunt_pizzeria,
          lemuel_statue_altar
D:9:      layout_roguey, erik_orc_4
D:10:     wander_river, layout_basic, cheibriados_altar_1
D:11:     layout_irregular_city, serial_rivers, chequers_serial_rivers_large_b,
          chequers_serial_rivers_micro_e, chequers_serial_rivers_micro_b,
          chequers_serial_rivers_small_a, chequers_serial_rivers_room_b,
          minmay_pinched_square
D:12:     layout_basic
D:13:     layout_roguey, serial_shops, shop, lemuel_flamethrower_2
D:14:     layout_layer_cave, grunt_vaults_entry_tiered, palyth_stone_intersect,
          basic_altar, fedhas_altar_2, uniq_snorg, uniq_louise
D:15:     hangedman_depths_entry_civil_slaughter, layout_cave_pools,
          grunt_decor_resistance, nrook_loot_triangle, water_maze_lemuel
Temple:   minmay_temple_curvy_branch
Lair:1:   cheibrodos_lair_river_kwai, layout_regular_city,
          maelrawn_ghost_gauntlet_escape, beast_lair_carwin_5, uniq_fannar
Lair:2:   layout_roguey, uniq_erica
Lair:3:   layout_cave_pods, gauntlet_entry_generic, uniq_rupert
Lair:4:   layout_long_grid, minmay_shoals_entry_beasts,
          minmay_snake_entry_guardpost_medium, bobbens_ice_dragon_lair
Lair:5:   dpeg_oklob_gauntlet, layout_layer_cave, minmay_slime_entry_jelly_boxes
Lair:6:   minmay_lair_end_enchanted_forest, layout_concentric_octagons,
          serial_rivers, chequers_serial_rivers_micro_c,
          chequers_serial_rivers_small_b, chequers_serial_rivers_micro_b,
          chequers_serial_rivers_small_3, grunt_megastairs_2, uniq_kirke
Snake:1:  layout_chambers
Snake:2:  layout_rooms
Snake:3:  layout_misc_corridors, portal_ice_cave_entry_pillars_1, uniq_aizul,
          uniq_azrael
Snake:4:  minmay_snake_end_coiled, layout_misc_corridors,
          nicolae_snake_double_loop, grunt_ministairs_2, st_stairs_2, uniq_agnes
Orc:1:    layout_caves
Orc:2:    grunt_orc_gardens, layout_caves, grunt_orc_garden, grunt_orc_garden,
          grunt_orc_garden, grunt_orc_garden, elves_outpost_lemuel, uniq_jorgrun

Skill      XL: |  1  2  3  4  5  6  7  8  9 10 11 12 13 14 15 16 |
---------------+-------------------------------------------------+-----
Armour         | 4 7 |  7.2
Shields        | 4 |  4.0
Long Blades    | 3 4 5 7 8 10 13 15 18 | 18.0
Fighting       | 5 12 16 | 16.6
Axes           | 5 16 19 | 19.6
Maces & Flails | 2 13 17 | 17.8
Dodging        | |  0.2
Invocations    | |  0.2
Evocations     | |  0.9

Action                   |  1- 3 |  4- 6 |  7- 9 | 10-12 | 13-15 | 16-18 || total
-------------------------+-------+-------+-------+-------+-------+-------++-------
Melee: Long sword        |    91 |   131 |   256 |   242 |       |       ||   720
       Headbutt          |     8 |    38 |    62 |   125 |   247 |    79 ||   559
       Scimitar          |       |       |       |   172 |    56 |       ||   228
       Battleaxe         |       |       |       |    15 |   450 |       ||   465
       Great mace        |       |       |       |       |   535 |   332 ||   867
       Unarmed           |       |       |       |       |     1 |       ||     1
       Demon blade       |       |       |       |       |       |    81 ||    81
 Fire: Fustibalus        |       |       |       |       |     6 |       ||     6
Invok: Minor Destruction |       |       |       |     1 |       |       ||     1
Evoke: Wand              |       |       |       |     1 |     5 |       ||     6
  Use: Scroll            |     6 |     4 |    10 |     4 |    19 |     6 ||    49
       Potion            |       |       |     6 |     1 |    11 |     1 ||    19
 Stab: Petrified         |       |       |       |       |     5 |     1 ||     6
       Petrifying        |       |       |       |       |     2 |       ||     2
       Paralysed         |       |       |       |       |     1 |     2 ||     3
       Confused          |       |       |       |       |     1 |       ||     1
  Eat: Ration            |     1 |       |       |     2 |     7 |     4 ||    14
       Chunk             |       |     5 |    11 |    11 |    20 |     2 ||    49
Armor: Scale mail        |    33 |    37 |    75 |   132 |    39 |       ||   316
       Plate armour      |       |       |       |       |   733 |   261 ||   994
Dodge: Dodged            |    29 |    57 |    85 |   172 |   641 |   104 ||  1088
Block: Kite shield       |    45 |    63 |   112 |   146 |       |       ||   366
       Other             |       |       |       |       |   198 |    43 ||   241
       Rpst.: Long sword |    11 |    11 |    25 |    26 |       |       ||    73
       Scimitar          |       |       |       |    17 |     7 |       ||    24
       Demon blade       |       |       |       |       |       |     2 ||     2
